 Dungeon Crawl Stone Soup version 0.29.1-1-gd02db69 (webtiles) character file.

Game seed: 5421445818750316422

2804 idoltears the Fighter (level 9, -5/75 HPs)
             Began as a Demonspawn Cinder Acolyte on Mar 2, 2023.
             Was a Priest of Ignis.
             Shot with a bolt by an orc warrior (17 damage)
             ... in a bailey.
             The game lasted 01:08:15 (11580 turns).

idoltears the Fighter (Demonspawn Cinder Acolyte)  Turns: 11580, Time: 01:08:16

Health: -5/75      AC: 21    Str: 17    XL:     9   Next: 44%
Magic:  10/10      EV:  4    Int: 23    God:    Ignis [***...]
Gold:   491        SH:  4    Dex:  9    Spells: 8/10 levels left

rFire   + . .      SeeInvis .   F - +0 flail
rCold   + . .      Faith    .   l - +0 buckler
rNeg    . . .      Spirit   .   m - +1 plate armour
rPois   .          Reflect  .   r - +2 hat
rElec   .          Harm     .   H - +1 cloak {Stlth+}
rCorr   .          Rampage  .   M - +0 pair of gloves
Will    .....                   g - +0 pair of boots
Stlth   ..........              (no amulet)
HPRegen 0.22/turn               h - +6 ring of intelligence
MPRegen 0.12/turn               B - ring of protection from cold

@: mighty
A: icy blue scales 1, foul stench 2, powered by pain 1, demonic touch 2
a: Renounce Religion, Fiery Armour, Foxfire Swarm, Rising Flame


You were in a bailey.
You worshipped Ignis.
Ignis was most pleased with you.
You visited 1 branch of the dungeon, and saw 8 of its levels.
You also visited: Ossuary and Bailey.

You collected 491 gold pieces.

Inventory:

Hand Weapons
 a - a -1 mace of flaming
 e - a +0 short sword
 p - a +0 vorpal whip
 w - a +0 short sword
 F - a +0 flail (weapon)
 I - a +0 hammer
 K - a +0 sling
Missiles
 c - 74 stones
 v - a throwing net
 x - 2 curare-tipped darts
 y - 5 poisoned darts
 C - 11 boomerangs (quivered)
Armour
 b - a +0 robe
 f - a +0 leather armour
 g - a +0 pair of boots (worn)
 l - a +0 buckler (worn)
 m - a +1 plate armour (worn)
 r - a +2 hat (worn)
 D - a +0 chain mail
 H - a +1 cloak of stealth (worn)
 M - a +0 pair of gloves (worn)
 S - a +0 robe of willpower
 U - a +2 robe of willpower
Jewellery
 h - a +6 ring of intelligence (left hand)
 u - a ring of see invisible
 A - a ring of ice
 B - a ring of protection from cold (right hand)
 J - a ring of fire
 T - a +6 ring of intelligence
Wands
 E - a wand of roots (5)
 G - a wand of light (2)
Scrolls
 i - a scroll of fear
 j - 2 scrolls of poison
 k - 4 scrolls of teleportation
Potions
 d - 2 potions of magic
 n - 3 potions of lignification
 o - a potion of haste
 q - a potion of cancellation
 s - a potion of berserk rage {unknown}
 t - 4 potions of might
 z - 2 potions of mutation
 L - a potion of brilliance {unknown}
 N - a potion of flight {unknown}
 O - 4 potions of curing
 P - a potion of attraction {unknown}


   Skills:
 + Level 8.3 Fighting
 + Level 7.5 Maces & Flails
 + Level 3.7 Armour
 - Level 0.3 Dodging
 - Level 5.0 Shields
 - Level 1.0 Spellcasting
 - Level 2.6 Fire Magic


You had 8 spell levels left.
You knew the following spells:

 Your Spells              Type           Power      Damage    Failure   Level
a - Scorch                Fire           26%        2d6       99%         2

Your spell library contained the following spells:

 Spells                   Type           Power      Damage    Failure   Level
 Freeze                   Ice            4%         1d3       100%        1
 Necrotise                Necr           4%         1d4       100%        1
 Frozen Ramparts          Ice            2%         1d1       100%        3
 Gell's Gravitas          Tloc           1%         N/A       100%        3
 Teleport Other           Tloc           1%         N/A       100%        3
 Vampiric Draining        Necr           1%         2d6       100%        3
 Hailstorm                Conj/Ice       1%         3d3       100%        4
 Agony                    Necr           1%         N/A       100%        5
 Metabolic Englaciation   Hex/Ice        0%         N/A       100%        5
 Dispersal                Tloc           0%         N/A       100%        6
 Starburst                Conj/Fire      3%         6d3       100%        6
 Malign Gateway           Summ/Tloc      0%         N/A       100%        7
 Fire Storm               Conj/Fire      3%         8d1       100%        9


Dungeon Overview and Level Annotations

Branches:
Dungeon (8/15)             Temple (0/1) D:7         Ossuary (visited)
 Bailey (1/1)
   Lair: D:8-11

Altars:
Gozag

Shops:
D:1 =


Innate Abilities, Weirdness & Mutations

You are partially covered in icy blue scales. (AC +2)
You sometimes emit foul miasma when damaged in melee.
You sometimes gain a little power by taking damage.
Your touch may inflict irresistible damage on your foes.


Message History

Okay, then.
Unknown command.
Aiming: Fastroot
Press: ? - help, Q - select action, (/) - cycle Shift-Dir - straight line, f - you
Okay, then.
Throw: 11 boomerangs
Press: ? - help, Q - select action, (/) - cycle Shift-Dir - straight line, f - orc warrior
Aim: an orc warrior, wielding a +0 arbalest and wearing a +0 ring mail (wandering, hasn't noticed you, 51% to hit)
You throw a boomerang.
The boomerang barely misses the orc warrior.
The orc warrior shouts!
The orc warrior shoots a bolt.
You block the bolt.
Throw: 11 boomerangs
Press: ? - help, Q - select action, (/) - cycle Shift-Dir - straight line, f/p - orc warrior
Aim: an orc warrior, wielding a +0 arbalest and wearing a +0 ring mail (51% to hit)
You throw a boomerang.
The boomerang closely misses the orc warrior.
Throw: 11 boomerangs
Press: ? - help, Q - select action, (/) - cycle Shift-Dir - straight line, f/p - orc warrior
Aim: an orc warrior, wielding a +0 arbalest and wearing a +0 ring mail (51% to hit)
You throw a boomerang.
The boomerang hits the orc warrior but does no damage.
The orc warrior shoots a bolt.
The bolt hits you but does no damage.
Throw: 11 boomerangs
Press: ? - help, Q - select action, (/) - cycle Shift-Dir - straight line, f/p - orc warrior
Aim: an orc warrior, wielding a +0 arbalest and wearing a +0 ring mail (51% to hit)
You throw a boomerang.
The boomerang barely misses the orc warrior.
Throw: 11 boomerangs
Press: ? - help, Q - select action, (/) - cycle Shift-Dir - straight line, f/p - orc warrior
Aim: an orc warrior, wielding a +0 arbalest and wearing a +0 ring mail (51% to hit)
You throw a boomerang.
The boomerang closely misses the orc warrior.
The orc warrior shoots a bolt.
The bolt hits you!
The orc shouts!
The orc shoots a bolt.
The bolt barely misses you.
The orc warrior shoots a bolt.
The bolt hits you!
* * * LOW HITPOINT WARNING * * *
The orc warrior shoots a bolt.
The bolt hits you!
You die...

#########
.......@#
........#
........#
........#
≈≈.....o#
#≈≈.....#
≈##
##≈...o.#
....#≈.....#
.≈
oo##≈.....#


You could see an orc warrior and an orc.

Vanquished Creatures
  3 wraiths
  A steam dragon (D:8)
  2 water moccasins
  3 orc warriors
  2 black bears
  2 ogres (D:5)
  3 phantoms
  3 bullfrogs
  A necrophage (D:7)
  2 scorpions (D:4)
  4 wights (Ossuary)
  2 howler monkeys
  6 orc priests
  Crazy Yiuf (D:5)
  An orc wizard (D:5)
  3 iguanas
  A mummy (D:7)
  4 adders
  A white imp (D:6)
  An ufetubus (D:5)
  An adder zombie (Ossuary)
  21 orcs
  10 endoplasms
  5 giant cockroaches
  11 goblins
  7 hobgoblins
  7 jackals
  A quokka (D:1)
  4 ball pythons
  2 ball python skeletons (Ossuary)
  4 bats
  A frilled lizard (D:1)
  A hobgoblin skeleton (Ossuary)
  A hobgoblin zombie (Ossuary)
  14 kobolds
  A kobold zombie (Ossuary)
  An orc skeleton (Ossuary)
  An orc zombie (Ossuary)
  3 rats
142 creatures vanquished.

Vanquished Creatures (others)
  43 foxfires
  A fungus (D:5)
  23 plants
67 creatures vanquished.

Grand Total: 209 creatures vanquished

Notes
Turn   | Place    | Note
-------+----------+-------------------------------------------
     0 | D:1      | idoltears the Demonspawn Cinder Acolyte began the quest for
                  | the Orb.
     0 | D:1      | Reached XP level 1. HP: 18/18 MP: 2/2
   270 | D:1      | Gained mutation: You are partially covered in icy blue
                  | scales. (AC +2) [demonic ancestry]
   270 | D:1      | Reached XP level 2. HP: 20/24 MP: 3/3
   772 | D:1      | Found a faded altar of an unknown god.
   933 | D:1      | Reached XP level 3. HP: 28/29 MP: 4/4
  1291 | D:1      | Found Uluynwi's Jewellery Shop.
  1812 | D:2      | Reached skill level 1 in Shields
  3319 | D:3      | Reached XP level 4. HP: 37/37 MP: 5/5
  3980 | D:4      | Reached skill level 4 in Fighting
  4049 | D:4      | Noticed a phantom
  4079 | D:4      | Killed a phantom
  4080 | D:4      | Gained mutation: You may rarely emit foul miasma when
                  | damaged in melee. [demonic ancestry]
  4080 | D:4      | Reached XP level 5. HP: 33/43 MP: 6/6
  4178 | D:4      | Noticed a black bear
  4210 | D:4      | Killed a black bear
  4211 | D:4      | Gained mutation: Your touch may inflict minor irresistible
                  | damage on your foes. [demonic ancestry]
  4211 | D:4      | Reached XP level 6. HP: 12/50 MP: 7/7
  4491 | D:4      | Reached skill level 5 in Fighting
  5088 | D:5      | Entered Level 5 of the Dungeon
  5182 | D:5      | Gained mutation: Your touch may inflict irresistible damage
                  | on your foes. [demonic ancestry]
  5182 | D:5      | Reached XP level 7. HP: 56/56 MP: 8/8
  5320 | D:5      | Reached skill level 5 in Maces & Flails
  5585 | D:5      | Got Sif Muna's Quarto of Spatial Graupel
  6398 | D:5      | Reached skill level 6 in Fighting
  6484 | D:5      | Found a runed translucent door.
  6485 | D:5      | Noticed Crazy Yiuf
  6495 | D:5      | Killed Crazy Yiuf
  6729 | D:6      | Found an opulent altar of Gozag.
  7900 | D:6      | Gained mutation: You sometimes emit foul miasma when
                  | damaged in melee. [demonic ancestry]
  7900 | D:6      | Reached XP level 8. HP: 51/64 MP: 9/9
  8337 | D:7      | Got the Guidebook on Damaging Hexes
  8354 | D:7      | Reached skill level 5 in Shields
  8559 | D:7      | Found a staircase to the Ecumenical Temple.
  8584 | D:7      | Found a sand-covered staircase.
  8597 | Ossuary  | Entered an ossuary
  8901 | Ossuary  | Reached skill level 7 in Fighting
  8981 | Ossuary  | Learned a level 2 spell: Scorch
  9011 | Ossuary  | Noticed a flying skull
  9020 | Ossuary  | Noticed a flying skull
  9046 | Ossuary  | Noticed a flying skull
  9047 | Ossuary  | Noticed a flying skull
  9065 | Ossuary  | Reached skill level 1 in Armour
  9205 | Ossuary  | Noticed a flying skull
  9653 | D:7      | Gained mutation: You sometimes gain a little power by
                  | taking damage. [demonic ancestry]
  9653 | D:7      | Reached XP level 9. HP: 68/72 MP: 10/10
  9875 | D:7      | HP: 3/73 [wraith (6)]
 10781 | D:8      | Reached skill level 8 in Fighting
 11028 | D:8      | Found a flagged portal.
 11097 | Bailey   | Entered a bailey
 11580 | Bailey   | Shot with a bolt by an orc warrior

Illustrated notes

Levels and vault maps discovered:
D:1:      lemuel_arrival_cross, layout_loops_corners,
          shapermc_ecumenical_altar_gd, serial_shops, nicolae_lakefront_shop,
          minmay_nonomino_d4
D:2:      layout_rooms
D:3:      layout_basic, wad_woods_river_04
D:4:      layout_gridville
D:5:      layout_loops_cross, uniq_crazy_yiuf_cottage
D:6:      layout_layer_cave, grunt_gozag_statues
D:7:      cheibrodos_two_vegetables, layout_cave_pools,
          minmay_temple_entry_from_below_a, gup_ossuary_entry_pyramid,
          nicolae_fountain_basement
D:8:      layout_basic, enter_bailey_5, uniq_maurice
Bailey:   bailey_polearm_2, bailey

Skill      XL: |  1  2  3  4  5  6  7  8  9 |
---------------+----------------------------+-----
Maces & Flails | 3 4 5 6 7 |  7.5
Shields        | 1 2 3 4 5 |  5.0
Fighting       | 4 5 6 7 8 |  8.3
Armour         | 2 3 |  3.7
Dodging        | |  0.3
Spellcasting   | |  1.0
Fire Magic     | |  2.6

Action                   |  1- 3 |  4- 6 |  7- 9 || total
-------------------------+-------+-------+-------++-------
Melee: Mace              |   134 |   166 |   105 ||   405
       Flail             |       |       |   213 ||   213
Throw: Stone             |     3 |     5 |       ||     8
       Boomerang         |       |     9 |     8 ||    17
       Dart              |       |       |     2 ||     2
Invok: Fiery Armour      |     1 |     1 |     1 ||     3
       Foxfire Swarm     |     1 |       |     2 ||     3
Evoke: Wand              |       |     1 |    17 ||    18
  Use: Scroll            |     9 |     2 |     7 ||    18
       Potion            |     2 |     3 |     1 ||     6
 Stab: Invisible         |       |       |     4 ||     4
Armor: Robe              |    30 |       |       ||    30
       Plate armour      |    19 |   154 |   215 ||   388
Dodge: Dodged            |    55 |    17 |    67 ||   139
Block: Buckler           |    13 |    20 |    75 ||   108
